[Event "2012 U.S. Junior Closed Champioship"]
[Site "?"]
[Date "2012.07.12"]
[Round "3.7"]
[White "Rosen, Eric"]
[Black "Naroditsky, Daniel"]
[Result "1-0"]
[ECO "E73"]
[WhiteElo "2425"]
[BlackElo "2548"]
[PlyCount "134"]
[EventDate "2012.??.??"]
[TimeControl "6000+1410"]

1. c4 Nf6 2. Nc3 g6 3. e4 d6 4. d4 Bg7 5. Be2 O-O 6. Bg5 Na6 7. f4 c6 8. Qd2 b5
9. cxb5 cxb5 10. Bxb5 Qb6 11. a4 Nc7 12. a5 Qb7 13. Bd3 Rb8 14. b4 Ne6 15. Nge2
Nh5 16. Bc2 Nxg5 17. fxg5 e5 18. d5 Nf4 19. Nxf4 exf4 20. Rb1 Qe7 21. O-O Qxg5
22. Ne2 Bd7 23. Bd3 Be5 24. Kh1 Qh6 25. Ng1 g5 26. Nf3 Bg7 27. Qf2 g4 28. Qxa7
Rfd8 29. b5 gxf3 30. Rxf3 Bg4 31. Rff1 Ra8 32. Qb6 Be5 33. a6 f3 34. Qg1 f2 35.
Rxf2 Bd4 36. Qf1 Bxf2 37. Qxf2 Bc8 38. h3 Bxh3 39. Qg3+ Bg4+ 40. Kg1 Qg7 41. b6
Qd4+ 42. Kh2 h5 43. a7 Kg7 44. Rb3 Rxa7 45. bxa7 Qxa7 46. Be2 Qd7 47. Bxg4 Qxg4
48. Qxg4+ hxg4 49. Kg3 Kg6 50. Kxg4 f6 51. Kf4 Rh8 52. Rb6 Rd8 53. Rb7 Ra8 54.
Re7 Ra2 55. g3 Rf2+ 56. Ke3 Rg2 57. Kf3 Ra2 58. Re6 Kg5 59. Rxd6 Ra3+ 60. Kf2
Rb3 61. Rc6 Rd3 62. Ke2 Rxg3 63. d6 Rg2+ 64. Ke3 Rg3+ 65. Kd4 Rg1 66. Kd5 Kf4
67. Ke6 Kxe4 {Kd5+} 1-0

[Event "2012 U.S. Junior Closed Champioship"]
[Site "?"]
[Date "2012.07.12"]
[Round "3.8"]
[White "Troff, Kayden"]
[Black "Cao, Kevin"]
[Result "1/2-1/2"]
[ECO "A25"]
[WhiteElo "2392"]
[BlackElo "2233"]
[PlyCount "82"]
[EventDate "2012.??.??"]
[TimeControl "6000+1245"]

1. c4 e5 2. Nc3 Nc6 3. g3 g6 4. Bg2 Bg7 5. e3 d6 6. Nge2 f5 7. d4 Nf6 8. b4 O-O
9. b5 Ne7 10. dxe5 dxe5 11. Ba3 Qxd1+ 12. Rxd1 Re8 13. O-O Bf8 14. Na4 g5 15.
Nec3 Rb8 16. Nc5 Ng6 17. Nd5 Nxd5 18. Bxd5+ Kg7 19. Bb4 Be7 20. Nd3 e4 21. Bxe7
Rxe7 22. Nb4 Ne5 23. c5 Bd7 24. c6 bxc6 25. Bxc6 Rxb5 26. Bxd7 Rxd7 27. Rxd7+
Nxd7 28. Nc6 Ne5 29. Nxe5 Rxe5 30. Rc1 c5 31. Rc4 Kf6 32. Kf1 Rd5 33. g4 Ke5
34. gxf5 Kxf5 35. f3 Rd1+ 36. Ke2 Rh1 37. Rxc5+ Kf6 38. Rc6+ Kf5 39. fxe4+ Kxe4
40. Re6+ Kf5 41. Rh6 Ra1 1/2-1/2

[Event "2012 U.S. Junior Closed Champioship"]
[Site "?"]
[Date "2012.07.12"]
[Round "4.1"]
[White "Shetty, Atulya"]
[Black "Yang, Darwin"]
[Result "0-1"]
[ECO "A37"]
[WhiteElo "2323"]
[BlackElo "2523"]
[PlyCount "96"]
[EventDate "2012.??.??"]
[TimeControl "6000+1310"]

1. c4 c5 2. g3 Nc6 3. Nc3 g6 4. Bg2 Bg7 5. Nf3 e6 6. d4 cxd4 7. Nb5 d5 8. cxd5
Qa5+ 9. Qd2 Qxb5 10. dxc6 e5 11. b3 Ne7 12. Ba3 Nxc6 13. Rc1 h6 14. O-O Be6 15.
e3 O-O-O 16. exd4 e4 17. Ne1 f5 18. Nc2 Kb8 19. Bb2 Rd7 20. Rfd1 Rhd8 21. Qf4+
Ka8 22. Rd2 Qa5 23. Ba1 Ne7 24. b4 Qa4 25. a3 Nd5 26. Qh4 Rc8 27. Bb2 Rdc7 28.
Bf1 Qd7 29. a4 Qxa4 30. Ra1 Qb3 31. Na3 a6 32. b5 a5 33. b6 Qxb6 34. Nb5 Rc2
35. Rxc2 Rxc2 36. Ba3 g5 37. Qh5 Qc6 38. Qg6 e3 39. h3 exf2+ 40. Kh2 Qd7 41.
Bd6 b6 42. Bg2 f1=Q 43. Rxf1 Rxg2+ 44. Kxg2 Ne3+ 45. Kf2 Qxb5 46. Qxg7 Qxf1+
47. Kxe3 Qc1+ 48. Kf2 Qd2+ 0-1

[Event "2012 U.S. Junior Closed Champioship"]
[Site "?"]
[Date "2012.07.12"]
[Round "4.2"]
[White "Xiong, Jeffery"]
[Black "Fisher, Will"]
[Result "1-0"]
[ECO "B13"]
[WhiteElo "2369"]
[BlackElo "2323"]
[PlyCount "65"]
[EventDate "2012.??.??"]
[TimeControl "6000+1195"]

1. e4 c6 2. d4 d5 3. exd5 cxd5 4. c4 dxc4 5. Bxc4 Qc7 6. Qb3 Be6 7. Na3 Bxc4 8.
Nxc4 e6 9. Nf3 Nc6 10. O-O Nf6 11. Bg5 Nd5 12. Bh4 Nf4 13. Rfe1 Be7 14. Bg3 O-O
15. Re4 g5 16. h4 h6 17. hxg5 hxg5 18. Qe3 f5 19. Rxe6 Bf6 20. Bxf4 gxf4 21.
Qb3 Kg7 22. Rae1 Rad8 23. d5 Rxd5 24. Ne3 Ra5 25. Nd5 Qd7 26. Nxf6 Rxf6 27. Qc3
Qd8 28. Ng5 Kg6 29. Rxf6+ Kxg5 30. Rfe6 Nd4 31. Re8 Qd5 32. Qc7 Ra6 33. Rd8 1-0

[Event "2012 U.S. Junior Closed Champioship"]
[Site "?"]
[Date "2012.07.12"]
[Round "4.3"]
[White "Getz, Alec"]
[Black "Shen, Victor"]
[Result "1-0"]
[ECO "B23"]
[WhiteElo "2412"]
[BlackElo "2510"]
[PlyCount "67"]
[EventDate "2012.??.??"]
[TimeControl "6000+1030"]

1. e4 c5 2. Nc3 Nc6 3. Nge2 e6 4. g3 a6 5. Bg2 d6 6. O-O Nf6 7. h3 Be7 8. g4
Qc7 9. Ng3 b5 10. Nce2 Bb7 11. d3 O-O-O 12. Nf4 g6 13. c3 e5 14. Nd5 Nxd5 15.
exd5 Nb8 16. a4 Nd7 17. axb5 axb5 18. Be3 h5 19. gxh5 f5 20. hxg6 f4 21. Nf5
Nf6 22. Bd2 Rdg8 23. Re1 Rxg6 24. Bxf4 Rxg2+ 25. Kxg2 Nxd5 26. Kf1 Nxf4 27. Qg4
Kd8 28. h4 Bg2+ 29. Kg1 Bd5 30. c4 Rg8 31. Ra8+ Bxa8 32. Qxg8+ Kd7 33. Qxa8
Nxd3 34. Ra1 1-0

[Event "2012 U.S. Junior Closed Champioship"]
[Site "?"]
[Date "2012.07.12"]
[Round "4.4"]
[White "Michaelides, Matthew"]
[Black "Holt, Conrad"]
[Result "0-1"]
[ECO "D19"]
[WhiteElo "2179"]
[BlackElo "2580"]
[PlyCount "76"]
[EventDate "2012.??.??"]
[TimeControl "6000+1400"]

1. d4 d5 2. c4 c6 3. Nf3 Nf6 4. Nc3 dxc4 5. a4 Bf5 6. e3 e6 7. Bxc4 Bb4 8. O-O
O-O 9. Qe2 Bg4 10. Rd1 Qa5 11. Bd2 Nbd7 12. h3 Bxf3 13. Qxf3 Rad8 14. Be1 e5
15. Bb3 exd4 16. exd4 Nb6 17. Rd3 Rd7 18. Rad1 Rfd8 19. Ne4 Nxe4 20. Qxe4 Nd5
21. Bc3 g6 22. h4 Rd6 23. h5 gxh5 24. Rh3 Rg6 25. Rxh5 Nxc3 26. Bxf7+ Kxf7 27.
Rxh7+ Rg7 28. bxc3 Bf8 29. d5 Rxd5 30. Re1 Re5 31. Qf4+ Rf5 32. Rxg7+ Kxg7 33.
Qd4+ Kg8 34. Qg4+ Kf7 35. Qe4 Qd5 36. Qe8+ Kg7 37. Re6 Qd1+ 38. Kh2 Bd6+ 0-1

[Event "2012 U.S. Junior Closed Champioship"]
[Site "?"]
[Date "2012.07.12"]
[Round "4.5"]
[White "Williams, Justus"]
[Black "Cao, Kevin"]
[Result "0-1"]
[ECO "A14"]
[WhiteElo "2314"]
[BlackElo "2233"]
[PlyCount "100"]
[EventDate "2012.??.??"]
[TimeControl "6000+1085"]

1. Nf3 d5 2. c4 e6 3. g3 Nf6 4. Bg2 Be7 5. O-O O-O 6. d4 dxc4 7. Qc2 a6 8. a4
Nc6 9. Qxc4 Qd5 10. Nbd2 Rd8 11. e3 Qh5 12. h3 Nd5 13. b3 a5 14. Bb2 Ndb4 15.
Qe2 b6 16. Nc4 f6 17. Rfd1 Bb7 18. Rac1 Rab8 19. g4 Qf7 20. Nh2 Na7 21. Bxb7
Rxb7 22. f4 Nc8 23. Nf3 c6 24. Kh1 Kh8 25. Qg2 Nd5 26. Rg1 Bb4 27. Qf2 Qg6 28.
Rg3 Qe4 29. Kg1 b5 30. Nfd2 Qg6 31. axb5 cxb5 32. Na3 Nd6 33. Nab1 a4 34. Qg2
Ra7 35. bxa4 bxa4 36. f5 Qg5 37. Ba3 Bxa3 38. Nxa3 Nxe3 39. Qf2 Nd5 40. Rf1
exf5 41. gxf5 Qh6 42. Rb1 Nf4 43. Kh2 Re7 44. Re1 Rxe1 45. Qxe1 Re8 46. Qd1
Nxf5 47. Rc3 Qh4 48. Qf1 h6 49. Qb5 Qf2+ 50. Kh1 Qg2# 0-1

[Event "2012 U.S. Junior Closed Champioship"]
[Site "?"]
[Date "2012.07.12"]
[Round "4.6"]
[White "Naroditsky, Daniel"]
[Black "Troff, Kayden"]
[Result "1/2-1/2"]
[ECO "A05"]
[WhiteElo "2548"]
[BlackElo "2392"]
[PlyCount "67"]
[EventDate "2012.??.??"]
[TimeControl "6000+555"]

1. Nf3 Nf6 2. g3 g6 3. b3 Bg7 4. Bb2 O-O 5. Bg2 d5 6. c4 c6 7. O-O Qb6 8. Qc2
Na6 9. d3 Bf5 10. Nbd2 Rad8 11. a3 Ne8 12. Bxg7 Nxg7 13. b4 Rfe8 14. Rab1 Nc7
15. Qb2 a6 16. Rfc1 Be6 17. a4 dxc4 18. Nxc4 Bxc4 19. Rxc4 Nf5 20. Rcc1 Ne6 21.
Qa2 Rf8 22. Nd2 h5 23. Nc4 Qa7 24. Ne5 Kg7 25. e3 Nxe3 26. Bxc6 Ng4 27. Nxg4
hxg4 28. Be4 Rd7 29. b5 Qd4 30. bxa6 bxa6 31. Qe2 Qe5 32. Re1 Qh5 33. h4 Nd4
34. Qb2 1/2-1/2

[Event "2012 U.S. Junior Closed Champioship"]
[Site "?"]
[Date "2012.07.12"]
[Round "4.7"]
[White "Perez, Robert"]
[Black "Rosen, Eric"]
[Result "0-1"]
[ECO "A13"]
[WhiteElo "2483"]
[BlackElo "2425"]
[PlyCount "98"]
[EventDate "2012.??.??"]
[TimeControl "6000+1745"]

1. c4 e6 2. Nf3 d5 3. g3 Nf6 4. Bg2 dxc4 5. Qa4+ c6 6. Qxc4 b5 7. Qc2 Bb7 8. a4
Nbd7 9. Nc3 a6 10. O-O Be7 11. e4 Rc8 12. d3 O-O 13. Be3 b4 14. Nb1 c5 15. Nbd2
Qb6 16. a5 Qa7 17. h3 Bc6 18. Nc4 Ne8 19. Nfd2 Nc7 20. f4 Nb5 21. Nf3 Nd4 22.
Nxd4 cxd4 23. Bf2 Bb5 24. e5 b3 25. Qe2 Rfd8 26. Rfd1 Nb8 27. Rdc1 Rc7 28. Qd1
Bc6 29. Qxb3 Bxg2 30. Kxg2 Nc6 31. Nb6 Nb4 32. Rc4 Rxc4 33. dxc4 d3 34. Rd1
Qb7+ 35. Kg1 Qf3 36. Na4 Nc2 37. Nc3 Ne3 38. Bxe3 Qxg3+ 39. Kf1 Qxh3+ 40. Kg1
Qxe3+ 41. Kg2 Qxf4 42. Qb7 Qg5+ 43. Kf3 Bc5 44. Qe4 Rd4 45. Qa8+ Bf8 46. Ne4
Qh5+ 47. Ke3 Rxe4+ 48. Qxe4 Qe2+ 49. Kd4 Bc5+ 0-1

[Event "2012 U.S. Junior Closed Champioship"]
[Site "?"]
[Date "2012.07.12"]
[Round "4.8"]
[White "Sturt, Raven"]
[Black "Arnold, Marc"]
[Result "0-1"]
[ECO "A58"]
[WhiteElo "2401"]
[BlackElo "2560"]
[PlyCount "102"]
[EventDate "2012.??.??"]
[TimeControl "6000+795"]

1. d4 Nf6 2. c4 c5 3. d5 b5 4. cxb5 a6 5. bxa6 g6 6. Nc3 Bxa6 7. Nf3 d6 8. g3
Nbd7 9. Bg2 Bg7 10. Rb1 Nb6 11. b3 Bc8 12. Nh4 h6 13. Qc2 Qd7 14. Bb2 g5 15.
Nf3 Qf5 16. e4 Qg6 17. O-O O-O 18. Rfd1 Bg4 19. h3 Bxf3 20. Bxf3 h5 21. Bg2
Nfd7 22. a4 Bd4 23. Qe2 Ne5 24. Rxd4 cxd4 25. Nb5 Nxd5 26. Nxd4 g4 27. Rc1 Nf4
28. Qe3 Nfd3 29. Nc6 Qf6 30. Qxd3 Nxd3 31. Bxf6 Nxc1 32. Nxe7+ Kh7 33. e5 dxe5
34. Be4+ Kh6 35. hxg4 hxg4 36. f3 Ra6 37. Bxe5 Nxb3 38. Nf5+ Kg6 39. Nd4+ f5
40. Nxf5 Nd2 41. Nh4+ Kh5 42. fxg4+ Kxg4 43. Bd5 Rd8 44. Bf7 Rxa4 45. Be6+ Kg5
46. Kg2 Re4 47. Bc7 Rf8 48. Bd5 Rd4 49. Be6 Rd3 50. Be5 Re3 51. Bd6 Rf6 0-1

[Event "2012 U.S. Junior Closed Champioship"]
[Site "?"]
[Date "2012.07.13"]
[Round "5.1"]
[White "Holt, Conrad"]
[Black "Shetty, Atulya"]
[Result "1-0"]
[ECO "D15"]
[WhiteElo "2580"]
[BlackElo "2323"]
[PlyCount "71"]
[EventDate "2012.??.??"]
[TimeControl "6000+1060"]

1. d4 d5 2. c4 c6 3. Nf3 Nf6 4. Nc3 a6 5. e3 g6 6. h3 Bg7 7. Bd3 O-O 8. O-O
dxc4 9. Bxc4 b5 10. Bb3 Bb7 11. e4 b4 12. Na4 Nxe4 13. Qe1 c5 14. dxc5 a5 15.
Ng5 Nxg5 16. Bxg5 Nc6 17. Nb6 h6 18. Rd1 Qe8 19. Nxa8 Qxa8 20. Bh4 Ba6 21. Bd5
e6 22. Bxc6 Qxc6 23. Rd6 Qc8 24. c6 Bxf1 25. Kxf1 Qb8 26. Bg3 Qb5+ 27. Kg1 Qc5
28. Qe3 Qc4 29. Qb6 Qxa2 30. c7 Bf6 31. Rd8 Bxd8 32. cxd8=Q Qa1+ 33. Kh2 Qxb2
34. Qxf8+ Kxf8 35. Qb8+ Ke7 36. Bd6+ 1-0

[Event "2012 U.S. Junior Closed Champioship"]
[Site "?"]
[Date "2012.07.13"]
[Round "5.2"]
[White "Shen, Victor"]
[Black "Michaelides, Matthew"]
[Result "1-0"]
[ECO "D38"]
[WhiteElo "2510"]
[BlackElo "2179"]
[PlyCount "99"]
[EventDate "2012.??.??"]
[TimeControl "6000+1400"]

1. Nf3 Nf6 2. c4 e6 3. Nc3 d5 4. d4 Bb4 5. cxd5 exd5 6. Bg5 O-O 7. e3 Qd6 8.
Nd2 Ne4 9. Bf4 Qg6 10. Nxd5 Bxd2+ 11. Qxd2 Nc6 12. Qc1 Be6 13. Qxc6 bxc6 14.
Ne7+ Kh8 15. Nxg6+ fxg6 16. f3 Nf6 17. Kf2 c5 18. dxc5 g5 19. Bg3 Ng4+ 20. Ke2
Bc4+ 21. Kd2 Rfd8+ 22. Kc3 Bxf1 23. Rhxf1 Nxe3 24. Rfe1 Nd5+ 25. Kb3 Rab8+ 26.
Ka3 Rb5 27. b3 Rxc5 28. Kb2 h6 29. Rad1 c6 30. Re7 Rc8 31. Rxa7 Nf6 32. Rb7 Ra5
33. Rb8 Rxb8 34. Bxb8 Nd5 35. a4 Ra8 36. Bg3 Kg8 37. Rc1 Ra6 38. Rc2 Kf7 39.
Ka3 Ke6 40. b4 Kf5 41. a5 h5 42. h3 g4 43. fxg4+ hxg4 44. h4 Ke4 45. Rc4+ Kd3
46. Rxg4 c5 47. Ka4 Nxb4 48. Kb5 Ra8 49. Kxc5 Nc2 50. Bc7 1-0

[Event "2012 U.S. Junior Closed Champioship"]
[Site "?"]
[Date "2012.07.13"]
[Round "5.3"]
[White "Fisher, Will"]
[Black "Getz, Alec"]
[Result "1/2-1/2"]
[ECO "D55"]
[WhiteElo "2323"]
[BlackElo "2412"]
[PlyCount "79"]
[EventDate "2012.??.??"]
[TimeControl "6000+615"]

1. d4 d5 2. c4 e6 3. Nc3 Be7 4. Nf3 Nf6 5. Bg5 O-O 6. e3 h6 7. Bxf6 Bxf6 8.
cxd5 exd5 9. Bd3 Be7 10. Rc1 c6 11. Qc2 Bd6 12. a3 Bg4 13. Nd2 a5 14. h3 Be6
15. O-O Nd7 16. Nf3 Qe7 17. Na4 Rfc8 18. Nc5 Nf8 19. Na4 Nd7 20. Nc5 Nf8 21.
Na4 Rab8 22. Nb6 Re8 23. Na4 Qf6 24. Qe2 Ng6 25. Bxg6 Qxg6 26. Kh1 Rbd8 27. Nc5
Bc8 28. Nd3 Bc7 29. Nfe5 Qd6 30. Qh5 Re7 31. Nf4 f6 32. Neg6 Re4 33. Nh4 Qd7
34. Nd3 Ree8 35. b4 Qd6 36. Nf4 axb4 37. axb4 Qe7 38. Nd3 Qd6 39. Nf4 Qe7 40.
Nd3 1/2-1/2

[Event "2012 U.S. Junior Closed Champioship"]
[Site "?"]
[Date "2012.07.13"]
[Round "5.4"]
[White "Yang, Darwin"]
[Black "Xiong, Jeffery"]
[Result "0-1"]
[ECO "D09"]
[WhiteElo "2523"]
[BlackElo "2369"]
[PlyCount "70"]
[EventDate "2012.??.??"]
[TimeControl "6000+1680"]

1. d4 d5 2. c4 e5 3. dxe5 d4 4. Nf3 Nc6 5. g3 Be6 6. Nbd2 Qd7 7. Bg2 Bh3 8. O-O
Bxg2 9. Kxg2 O-O-O 10. b4 Bxb4 11. Rb1 b6 12. Ne4 Be7 13. Bd2 Qf5 14. Qc2 d3
15. exd3 Qxf3+ 16. Kxf3 Nd4+ 17. Kg2 Nxc2 18. Rfc1 Nd4 19. c5 Kb7 20. a4 f5 21.
Ng5 Nh6 22. Rc4 Rd5 23. cxb6 axb6 24. a5 Bxg5 25. Bxg5 Ne6 26. axb6 c5 27. Be7
Ra8 28. Rb5 Ng4 29. h3 Nxe5 30. Rc2 Nxd3 31. Rb1 Nd4 32. Rc3 Nc6 33. Bg5 Ra6
34. Rcb3 h6 35. Be3 g5 0-1

[Event "2012 U.S. Junior Closed Champioship"]
[Site "?"]
[Date "2012.07.13"]
[Round "5.5"]
[White "Arnold, Marc"]
[Black "Williams, Justus"]
[Result "1/2-1/2"]
[ECO "A17"]
[WhiteElo "2560"]
[BlackElo "2314"]
[PlyCount "160"]
[EventDate "2012.??.??"]
[TimeControl "6000+920"]

1. Nf3 Nf6 2. c4 e6 3. Nc3 Bb4 4. g4 Bxc3 5. bxc3 d6 6. g5 Nfd7 7. Bg2 e5 8. d3
Qe7 9. Be3 f5 10. gxf6 Nxf6 11. Qc2 c6 12. Bg5 Nbd7 13. Nd2 Nc5 14. O-O-O Bf5
15. Kb1 Qf7 16. Rhg1 O-O 17. Bf3 Rfb8 18. Ka1 a5 19. Rb1 a4 20. Rb4 Ra6 21. Bh1
Nfd7 22. e4 Bg6 23. Be3 Rba8 24. Rgb1 Qf6 25. Bg2 Qh4 26. h3 Bf7 27. d4 Nb3+
28. Nxb3 axb3 29. R1xb3 exd4 30. cxd4 b5 31. d5 Qf6+ 32. Kb1 bxc4 33. Rxc4 c5
34. Bf1 R6a7 35. Rcc3 Bg6 36. a3 Qf3 37. Bd3 Ne5 38. Be2 Qh1+ 39. Qc1 Qxe4+ 40.
Kb2 Qxd5 41. f4 Qg2 42. Qd2 Qe4 43. Qd1 Nd7 44. Bf3 Qf5 45. Bxa8 Rxa8 46. Ka1
Nf6 47. Bc1 Nd5 48. Rg3 Nb4 49. Rg5 Qe6 50. Bb2 Nc2+ 51. Ka2 Nb4+ 52. Ka1 Bc2
53. Rxg7+ Kf8 54. f5 Bxd1 55. fxe6 Bxb3 56. Rf7+ Ke8 57. Rxh7 Nc2+ 58. Kb1
Nxa3+ 59. Kc1 Ra4 60. Bxa3 Rxa3 61. Kb2 Ra4 62. Kxb3 Re4 63. h4 Rxe6 64. h5 Re7
65. Rh6 Kd7 66. Rh8 Kc6 67. Kc4 d5+ 68. Kb3 c4+ 69. Kb4 Rb7+ 70. Kc3 Rb3+ 71.
Kd4 Rd3+ 72. Ke5 Re3+ 73. Kd4 Re4+ 74. Kc3 Rh4 75. h6 Kc5 76. Rc8+ Kd6 77. Rd8+
Kc5 78. Rc8+ Kd6 79. Rd8+ Ke5 80. Re8+ Kd6 1/2-1/2

[Event "2012 U.S. Junior Closed Champioship"]
[Site "?"]
[Date "2012.07.13"]
[Round "5.6"]
[White "Rosen, Eric"]
[Black "Sturt, Raven"]
[Result "0-1"]
[ECO "A11"]
[WhiteElo "2425"]
[BlackElo "2401"]
[PlyCount "54"]
[EventDate "2012.??.??"]
[TimeControl "6000+885"]

1. c4 c6 2. Nc3 d5 3. e3 Nf6 4. Nf3 g6 5. Be2 Bg7 6. O-O O-O 7. d4 Bf5 8. b4
Nbd7 9. Bb2 Ne4 10. Nxe4 dxe4 11. Nd2 e5 12. Qb3 exd4 13. Bxd4 Qg5 14. Rfd1 Ne5
15. Nf1 Nf3+ 16. Kh1 Nxd4 17. exd4 Rad8 18. Qe3 Qf6 19. d5 cxd5 20. cxd5 Rxd5
21. Qxa7 Rxd1 22. Rxd1 Qb2 23. Bc4 Bg4 24. Re1 Bd4 25. Bxf7+ Kh8 26. Re2 Bxe2
27. Qxb7 Qa1 0-1

[Event "2012 U.S. Junior Closed Champioship"]
[Site "?"]
[Date "2012.07.13"]
[Round "5.7"]
[White "Troff, Kayden"]
[Black "Perez, Robert"]
[Result "1/2-1/2"]
[ECO "E16"]
[WhiteElo "2392"]
[BlackElo "2483"]
[PlyCount "71"]
[EventDate "2012.??.??"]
[TimeControl "6000+995"]

1. d4 Nf6 2. c4 e6 3. Nf3 Bb4+ 4. Bd2 Qe7 5. g3 O-O 6. Bg2 Bxd2+ 7. Nbxd2 d6 8.
Qb3 e5 9. O-O h6 10. dxe5 dxe5 11. Rfd1 Re8 12. Nf1 a5 13. Ne3 c6 14. Rac1 Na6
15. Qc2 Nc5 16. Nd2 Be6 17. Qc3 Qc7 18. Nd5 cxd5 19. cxd5 Bxd5 20. Bxd5 Rac8
21. Nb3 b6 22. Nxc5 bxc5 23. Bb3 e4 24. Qe3 Qe5 25. Rc3 Qh5 26. h4 Re5 27. f4
Re7 28. Rd6 Kh7 29. Bc2 Qf5 30. Ra3 Rce8 31. Rxa5 Qh3 32. Ra3 Ng4 33. Qf3 Nf6
34. Qg2 Qc8 35. Rc3 Qh3 36. Qf3 1/2-1/2

[Event "2012 U.S. Junior Closed Champioship"]
[Site "?"]
[Date "2012.07.13"]
[Round "5.8"]
[White "Cao, Kevin"]
[Black "Naroditsky, Daniel"]
[Result "0-1"]
[ECO "B06"]
[WhiteElo "2233"]
[BlackElo "2548"]
[PlyCount "76"]
[EventDate "2012.??.??"]
[TimeControl "6000+960"]

1. e4 g6 2. d4 Bg7 3. Nf3 d6 4. Bc4 Nf6 5. Nc3 Bg4 6. Be3 Nc6 7. h3 Bxf3 8.
Qxf3 O-O 9. Ne2 e5 10. d5 Ne7 11. Bb3 Nd7 12. g4 a5 13. c3 a4 14. Bc2 c6 15.
dxc6 bxc6 16. h4 d5 17. h5 d4 18. Bc1 Nc5 19. cxd4 exd4 20. Nf4 d3 21. Nxd3 a3
22. hxg6 Nxd3+ 23. Bxd3 axb2 24. Qh3 bxc1=Q+ 25. Rxc1 h6 26. gxf7+ Rxf7 27. Bc4
Qa5+ 28. Kf1 Nd5 29. Qd3 Raf8 30. Rh2 Qb6 31. Bxd5 cxd5 32. Qxd5 Kh8 33. Qc5
Qe6 34. Qe3 Rf3 35. Qe2 Bd4 36. Ke1 Bxf2+ 37. Kd1 Rd8+ 38. Kc2 Qxa2# 0-1

[Event "2012 U.S. Junior Closed Champioship"]
[Site "?"]
[Date "2012.07.13"]
[Round "6.1"]
[White "Shetty, Atulya"]
[Black "Xiong, Jeffery"]
[Result "1-0"]
[ECO "A10"]
[WhiteElo "2323"]
[BlackElo "2369"]
[PlyCount "77"]
[EventDate "2012.??.??"]
[TimeControl "6000+1175"]

1. c4 d6 2. g3 e5 3. Nc3 f5 4. d4 e4 5. f3 Nf6 6. Bg2 Be7 7. fxe4 fxe4 8. Nxe4
Nxe4 9. Bxe4 O-O 10. Nf3 c6 11. Qc2 h6 12. Bd2 Bf6 13. O-O-O Bg4 14. Bc3 Nd7
15. h3 Bxf3 16. exf3 Nb6 17. Bd3 c5 18. d5 Bxc3 19. Qxc3 Nd7 20. f4 a6 21. Kb1
b5 22. cxb5 axb5 23. Bxb5 Nb6 24. Rhe1 Ra7 25. Re6 Qc7 26. Rde1 Qf7 27. Rxd6
Rb7 28. Bc6 Rbb8 29. Qc2 Qh5 30. Qe2 Qxh3 31. Qe6+ Qxe6 32. Rdxe6 Nc4 33. b3
Nd2+ 34. Kb2 c4 35. Rd1 Nf3 36. d6 cxb3 37. Bxf3 bxa2+ 38. Kxa2 Rfc8 39. d7 1-0

[Event "2012 U.S. Junior Closed Champioship"]
[Site "?"]
[Date "2012.07.13"]
[Round "6.2"]
[White "Getz, Alec"]
[Black "Yang, Darwin"]
[Result "0-1"]
[ECO "C68"]
[WhiteElo "2412"]
[BlackElo "2523"]
[PlyCount "64"]
[EventDate "2012.??.??"]
[TimeControl "6000+1030"]

1. e4 e5 2. Nf3 Nc6 3. Bb5 a6 4. Bxc6 dxc6 5. O-O Qd6 6. d4 exd4 7. Nxd4 Bd7 8.
Nc3 O-O-O 9. Be3 Qg6 10. Qf3 Nf6 11. h3 Re8 12. Nb3 Nxe4 13. Nxe4 Rxe4 14. Bc5
Re5 15. Bxf8 Rxf8 16. Rfe1 Rfe8 17. Rxe5 Rxe5 18. Qc3 Rg5 19. Qf3 Be6 20. g3
Bxh3 21. Re1 Be6 22. Nd4 Bd5 23. Re8+ Kd7 24. Qe3 Qf6 25. c4 Bxc4 26. Nf3 Rf5
27. Rb8 Rxf3 28. Qe8+ Kd6 29. Qf8+ Ke5 30. Qc5+ Bd5 31. Rxb7 Rd3 32. f4+ Ke6
0-1

[Event "2012 U.S. Junior Closed Champioship"]
[Site "?"]
[Date "2012.07.13"]
[Round "6.3"]
[White "Michaelides, Matthew"]
[Black "Fisher, Will"]
[Result "1-0"]
[ECO "D19"]
[WhiteElo "2179"]
[BlackElo "2323"]
[PlyCount "128"]
[EventDate "2012.??.??"]
[TimeControl "6000+1600"]

1. d4 d5 2. c4 c6 3. Nf3 Nf6 4. Nc3 dxc4 5. a4 Bf5 6. e3 e6 7. Bxc4 Bb4 8. O-O
O-O 9. Qe2 Bg4 10. h3 Bh5 11. Rd1 Nbd7 12. e4 h6 13. e5 Nd5 14. Nxd5 cxd5 15.
Bd3 Bxf3 16. Qxf3 Be7 17. Qh5 f5 18. Bxh6 Qe8 19. Qxe8 Raxe8 20. Bd2 Nb8 21. a5
Rc8 22. Bc3 a6 23. f4 Nc6 24. Ra4 Rc7 25. Kf2 g6 26. Rg1 Kf7 27. g3 Rh8 28. Rh1
Rcc8 29. Ke3 Rh6 30. Rh2 Rch8 31. Bf1 Rc8 32. Kd3 Na7 33. Rc2 Rhh8 34. Ra1 Rc7
35. Bd2 Rhc8 36. Rxc7 Rxc7 37. Ra4 Nb5 38. Be2 Rc8 39. h4 Kg7 40. Bc3 Kh6 41.
Kd2 Rc7 42. Ra1 Na7 43. g4 Nc6 44. h5 Bb4 45. Kd3 Bxc3 46. bxc3 Ne7 47. Rb1
gxh5 48. gxf5 Nxf5 49. Rb6 Rc6 50. Rxb7 Kg6 51. Kd2 Ng3 52. Bd3+ Ne4+ 53. Bxe4+
dxe4 54. Rb6 e3+ 55. Kxe3 Rxc3+ 56. Ke4 Kf7 57. f5 exf5+ 58. Kxf5 Rd3 59. e6+
Ke7 60. Rb7+ Ke8 61. Kf6 Rf3+ 62. Ke5 Rd3 63. d5 Re3+ 64. Kd6 Kf8 1-0

[Event "2012 U.S. Junior Closed Champioship"]
[Site "?"]
[Date "2012.07.13"]
[Round "6.4"]
[White "Holt, Conrad"]
[Black "Shen, Victor"]
[Result "0-1"]
[ECO "D19"]
[WhiteElo "2580"]
[BlackElo "2510"]
[PlyCount "152"]
[EventDate "2012.??.??"]
[TimeControl "6000+2910"]

1. d4 d5 2. c4 c6 3. Nf3 Nf6 4. Nc3 dxc4 5. a4 Bf5 6. e3 e6 7. Bxc4 Bb4 8. O-O
O-O 9. Qe2 Nbd7 10. e4 Bg4 11. h3 Bxf3 12. Qxf3 Nb6 13. Be2 Qxd4 14. Rd1 Qc5
15. Na2 Nbd7 16. Bf4 e5 17. Bg5 a5 18. g4 Qe7 19. Bc4 Rfd8 20. Bh4 h6 21. Qf5
Bd6 22. g5 hxg5 23. Bxg5 Nc5 24. Nc3 Ne6 25. Rxd6 Qxd6 26. h4 Nd4 27. Qg6 Rd7
28. Bh6 Ne8 29. Qg4 Rc7 30. Be3 Nc2 31. Rf1 Nxe3 32. fxe3 Qh6 33. Qg3 Re7 34.
Rf2 Rd8 35. Kh2 Nc7 36. Kh3 Na8 37. Qf3 Rdd7 38. Rg2 Nb6 39. Ba2 Rd3 40. Rg3
Rd6 41. Rg5 Rf6 42. Qg3 Kf8 43. Kg2 Rg6 44. Qg4 Nd7 45. Bc4 b6 46. b3 Nf6 47.
Qg3 Nh7 48. Rxg6 Qxg6 49. Qxg6 fxg6 50. Nd1 g5 51. hxg5 Nxg5 52. Nf2 Nf7 53.
Be2 Nd6 54. Bh5 g6 55. Bg4 b5 56. Nd3 Kg7 57. Nc5 Kf6 58. Kf3 Nb7 59. Nd7+ Kg5
60. Nb8 bxa4 61. bxa4 c5 62. Nc6 Rf7+ 63. Ke2 Kf6 64. Nb8 Ke7 65. Nd7 Kd6 66.
Nb6 Kc6 67. Nc4 Re7 68. Kd3 Nd6 69. Nxa5+ Kb6 70. Nc4+ Nxc4 71. Kxc4 Kc6 72.
Bd1 Rb7 73. Kd3 Rb4 74. Kc3 Kb6 75. Bc2 g5 76. Bd1 Rxe4 {Kd4} 0-1

[Event "2012 U.S. Junior Closed Champioship"]
[Site "?"]
[Date "2012.07.13"]
[Round "6.5"]
[White "Williams, Justus"]
[Black "Naroditsky, Daniel"]
[Result "1/2-1/2"]
[ECO "E18"]
[WhiteElo "2314"]
[BlackElo "2548"]
[PlyCount "80"]
[EventDate "2012.??.??"]
[TimeControl "6000+17685"]

1. Nf3 Nf6 2. c4 b6 3. g3 Bb7 4. Bg2 e6 5. O-O Be7 6. d4 O-O 7. Nc3 Na6 8. Qa4
Qc8 9. Bg5 h6 10. Bxf6 Bxf6 11. e4 d6 12. Rfd1 Nb8 13. e5 dxe5 14. dxe5 Be7 15.
Rd2 Bc6 16. Qd1 Nd7 17. Qe2 Bb4 18. Rc1 Nc5 19. Rd4 Bxc3 20. Rxc3 a5 21. Rc1
Rd8 22. Rcd1 Rxd4 23. Rxd4 Qe8 24. Qd2 Be4 25. b3 Bc6 26. h3 Rb8 27. Kh2 Nd7
28. Qe3 Qe7 29. Qd3 a4 30. bxa4 Nc5 31. Qd2 Nxa4 32. Rg4 Kh8 33. Rh4 Bxf3 34.
Bxf3 Rd8 35. Rd4 Rxd4 36. Qxd4 Qe8 37. Bd1 Nc5 38. Bc2 Qa8 39. h4 Kg8 40. h5
Kf8 1/2-1/2

[Event "2012 U.S. Junior Closed Champioship"]
[Site "?"]
[Date "2012.07.13"]
[Round "6.6"]
[White "Perez, Robert"]
[Black "Cao, Kevin"]
[Result "1-0"]
[ECO "E06"]
[WhiteElo "2483"]
[BlackElo "2233"]
[PlyCount "87"]
[EventDate "2012.??.??"]
[TimeControl "6000+1975"]

1. Nf3 d5 2. d4 Nf6 3. c4 e6 4. g3 Be7 5. Bg2 O-O 6. O-O dxc4 7. Ne5 Nc6 8.
Bxc6 bxc6 9. Nxc6 Qd6 10. Qa4 Bb7 11. Nxe7+ Qxe7 12. Qxc4 e5 13. dxe5 Qxe5 14.
Nc3 c5 15. Rd1 Qh5 16. f3 Rfe8 17. Qh4 Qf5 18. Qg5 Qh3 19. e4 Nd7 20. Bf4 h6
21. Qh4 Qxh4 22. gxh4 Nb6 23. Nb5 Re6 24. Nc7 Rg6+ 25. Bg3 Rc8 26. Nb5 Ba6 27.
Nd6 Ra8 28. Rac1 Be2 29. Rd2 Bxf3 30. Rxc5 Re6 31. e5 Re7 32. Rd4 Bh5 33. e6
Bg6 34. h5 Bb1 35. exf7+ Kf8 36. a4 Ba2 37. Rf5 Be6 38. Rf3 Nd5 39. Be5 Rd8 40.
Rg3 Bxf7 41. Bxg7+ Kg8 42. Bf6+ Kf8 43. Bxe7+ Nxe7 44. Rf3 1-0